cohdb
Replays
Latest Replays
All Replays
Popular Replays
Top Player Replays
Match Explorer
How It Works
Community
CoH3 Stats
Reddit
Sign in to upload your games and track your stats! →
Sign in with Steam
Match 33895445
Unlisted
Match 33895445
Overview
Messages
Build Orders
End
Construct Section Command Post
Infantry Section
Infantry Section
Infantry Section
Infantry Section
Construct Platoon Command Post
Selects Air and Sea Battlegroup
Selects Supply Surplus
Construct Field Infirmary
Infantry Training
6-pounder Anti-tank Gun Team
Construct Company Command Post
Construct Field Infirmary
Crusader II Medium Tank
Selects Centaur Medium Tank
Construct Resource Cache
Armored Vehicle Training
Crusader II Medium Tank
Selects Naval Bombardment
Naval Bombardment
Crusader II Medium Tank
Selects Commando Section Paradrop
Selects Commando Support Section Paradrop
Crusader II Medium Tank
ProxyFox
Personal Iroha Cushion
EisregenKubus0
[82AD] ulT1Mate
秃鹫k
zenlew
我真的不是驴
THE one-冰封夕阳
0
0
Comments
sign in to comment!
No comments posted yet!